 Dungeon Crawl Stone Soup version 0.30-a0-591-g3c58d2bc28 (webtiles) character file.

Game seed: 14897096208009938211

1580 ragingrage the Covert (level 8, -4/34 HPs)
             Began as a Felid Earth Elementalist on Jan 4, 2023.
             Was an Initiate of Gozag.
             Slain by a boulder beetle (7 damage)
             ... on level 10 of the Dungeon.
             The game lasted 00:15:59 (9677 turns).

ragingrage the Covert (Felid Earth Elementalist)    Turns: 9677, Time: 00:15:59

Health: -4/34      AC:  6    Str:  4    XL:     8   Next: 60%
Magic:  3/12       EV: 20    Int: 20    God:    Gozag
Gold:   868        SH:  0    Dex: 17    Spells: 3/11 levels left
                                        Lives:  0   Deaths: 2

rFire   . . .      SeeInvis +    (weapon unavailable)
rCold   . . .      Faith    .    (shield unavailable)
rNeg    . . .      Spirit   .    (body armour unavailable)
rPois   .          Reflect  .    (helmet unavailable)
rElec   .          Harm     .    (cloak unavailable)
rCorr   .          Rampage  .    (gloves unavailable)
Will    ++...                    (boots unavailable)
Stlth   +++++                    (no amulet)
HPRegen 0.25/turn                c - ring of willpower
MPRegen 0.13/turn                p - +4 ring of protection

@: quick
A: very small, claws 1, fangs 3, see invisible, speed 1, shaggy fur 2, stealthy
paws, no weapons or thrown items, no armour, multi-lived
a: Renounce Religion, Potion Petition, Call Merchant, Bribe Branch


You were on level 10 of the Dungeon.
You worshipped Gozag.
Gozag was pleased with you.
You visited 2 branches of the dungeon, and saw 11 of its levels.
You also visited: Sewer.

You collected 1057 gold pieces.
You spent 115 gold pieces at shops.
You paid 74 gold pieces to Gozag.

Inventory:

Jewellery
 c - a ring of willpower (left paw)
 n - a ring of fire
 p - a +4 ring of protection (right paw)
 y - a ring of ice
Wands
 e - a wand of quicksilver (7)
 t - a wand of digging (5)
 z - a wand of paralysis (10)
Scrolls
 f - 2 scrolls of teleportation
 i - 2 scrolls of torment
 l - 2 scrolls of fog
 m - 2 scrolls of vulnerability
 r - 3 scrolls of identify
 s - a scroll of silence
 u - a scroll of amnesia {unknown}
Potions
 a - 2 potions of magic
 b - 2 potions of ambrosia
 d - a potion of haste
 g - 8 potions of curing
 h - a potion of resistance
 j - 2 potions of brilliance
 k - a potion of heal wounds
 v - 2 potions of lignification
 w - a potion of might {unknown}
 B - a potion of mutation {unknown}


   Skills:
 + Level 3.3 Fighting
 + Level 5.5 Dodging
 + Level 10.3 Stealth
 - Level 0.1 Unarmed Combat
 - Level 2.0 Spellcasting
 - Level 5.0 Conjurations
 - Level 5.0 Translocations
 - Level 1.1 Transmutations
 + Level 7.8 Earth Magic


You had 3 spell levels left.
You knew the following spells:

 Your Spells              Type           Power      Damage    Failure   Level
a - Sandblast             Erth           66%        2d15      1%          1
b - Passwall              Tmut/Erth      15%        N/A       3%          2
c - Stone Arrow           Conj/Erth      54%        3d10      3%          3
d - Blink                 Tloc           44%        N/A       3%          2

Your spell library contained the following spells:

 Spells                   Type           Power      Damage    Failure   Level
 Momentum Strike          Conj/Tloc      44%        3d9       3%          2
 Foxfire                  Conj/Fire      48%        2x1d6     5%          1
 Gell's Gravitas          Tloc           22%        N/A       6%          3
 Lesser Beckoning         Tloc           44%        N/A       6%          3
 Teleport Other           Tloc           22%        N/A       6%          3
 Summon Small Mammal      Summ           8%         N/A       16%         1
 Call Canine Familiar     Summ           2%         N/A       43%         3
 Summon Guardian Golem    Hex/Summ       2%         N/A       43%         3
 Petrify                  Tmut/Erth      19%        N/A       26%         4
 Fireball                 Conj/Fire      6%         3d5       83%         5
 Dispersal                Tloc           11%        N/A       97%         6
 Starburst                Conj/Fire      6%         6d4       100%        6
 Malign Gateway           Summ/Tloc      6%         N/A       100%        7
 Summon Horrible Things   Summ           1%         N/A       100%        8


Dungeon Overview and Level Annotations

Branches:
Dungeon (10/15)            Temple (1/1) D:4           Sewer (visited)
   Lair: D:8-11         Orc: D:9-12

Altars:
Ashenzari
Cheibriados
Dithmenos
Elyvilon
Fedhas
Gozag
Hepliaklqana
Kikubaaqudgha
Makhleb
Nemelex Xobeh
Okawaru
Qazlal
Ru
Sif Muna
Trog
Vehumet
Wu Jian
Xom
Yredelemnul
Zin
The Shining One

Shops:
D:4 *

Annotations:
D:5 Edmund
D:7 Joseph


Innate Abilities, Weirdness & Mutations

You have sharp claws.
You have razor-sharp teeth.
You have supernaturally acute eyesight. (SInv)
You cover ground quickly. (Speed+)
You are covered in thick fur. (AC +2)
Your paws help you pounce on unaware monsters.
You are incapable of wielding weapons or throwing items.
You cannot wear armour.
You gain extra lives every three experience levels.


Message History

Aiming: Passwall (safe; 3% risk of failure)
Press: ? - help, Dir - move target, f - you, p - boulder beetle Please select a wall.
Okay, then.
Casting: Passwall (safe; 3% risk of failure)
Confirm with . or Enter, or press ? or * to list all spells.
Okay, then.
Casting: Passwall (safe; 3% risk of failure)
Confirm with . or Enter, or press ? or * to list all spells.
Aiming: Stone Arrow (dangerous; 3% risk of failure)
Press: ? - help, Shift-Dir - straight line, f/p - boulder beetle
Aim: a boulder beetle (poison gas, heavily wounded, extremely poisoned, 100% to hit)
The stone arrow hits the boulder beetle.
The boulder beetle is heavily wounded.
The boulder beetle looks as sick as possible!
The boulder beetle barely misses you.
Casting: Stone Arrow (dangerous; 3% risk of failure)
Confirm with . or Enter, or press ? or * to list all spells.
Aiming: Stone Arrow (dangerous; 3% risk of failure)
Press: ? - help, Shift-Dir - straight line, f/p - boulder beetle
Aim: a boulder beetle (poison gas, heavily wounded, extremely poisoned, 100% to hit)
The stone arrow hits the boulder beetle.
The boulder beetle is heavily wounded.
The boulder beetle is engulfed in poison gas.
The boulder beetle looks as sick as possible!
The boulder beetle bites you!!
Ouch! That really hurt!
* * * LOW HITPOINT WARNING * * *
Casting: Stone Arrow (dangerous; 3% risk of failure)
Confirm with . or Enter, or press ? or * to list all spells.
Aiming: Stone Arrow (dangerous; 3% risk of failure)
Press: ? - help, Shift-Dir - straight line, f/p - boulder beetle
Aim: a boulder beetle (poison gas, severely wounded, extremely poisoned, 100% to hit)
The stone arrow hits the boulder beetle.
The boulder beetle is severely wounded.
The boulder beetle is engulfed in poison gas.
The boulder beetle looks as sick as possible!
The boulder beetle bites you!
You die...
Your body crumbles into a pile of gold.

#......###+######....
#................ ..#
#........§.....#####.#
#........§§....#§§☼#.#
#........☼§§...#§☼§#.# .
#........☼§§§..#☼☼☼#.#######...
#######..§§☼§§.#☼§.#...§.....y.
#..§§§§§§#§###§☼§§...°°..
#..§☼§§§§§@B§.§§§§.......
#########§§§§§§§☼§.......
#§§§§§§#######... #§§§§### ##
######


You could see a boulder beetle (extremely poisoned).

Vanquished Creatures
  Prince Ribbit (D:7)
  Menkaure (D:6)
  A steam dragon (D:4)
  An orc warrior (D:5)
  2 ice beasts (D:6)
  4 ogres
  3 centaurs
  Blork the orc (D:6)
  A phantom (D:7)
  A kobold brigand (D:6)
  A necrophage (D:5)
  A gnoll sergeant (D:5)
  4 scorpions
  8 wights
  A howler monkey (D:6)
  2 hounds (D:6)
  4 orc priests
  A gnoll bouda (D:6)
  2 jellies (D:5)
  5 iguanas
  5 orc wizards
  8 gnolls
  15 adders
  A white imp (D:6)
  An adder skeleton (D:3)
  A worm (D:3)
  A dart slug (D:3)
  19 orcs
  13 endoplasms
  7 giant cockroaches
  4 hobgoblins
  3 jackals (D:3)
  6 quokkas
  6 ball pythons
  A ball python skeleton (D:3)
  6 bats
  7 frilled lizards
  8 goblins
  10 kobolds
  A quokka skeleton (D:3)
  2 quokka zombies (D:3)
  4 rats
174 creatures vanquished.

Vanquished Creatures (others)
  A hobgoblin (D:4)
  6 plants (D:2)
7 creatures vanquished.

Grand Total: 181 creatures vanquished

Notes
Turn   | Place    | Note
-------+----------+-------------------------------------------
     0 | D:1      | ragingrage the Felid Earth Elementalist began the quest for
                  | the Orb.
     0 | D:1      | Reached XP level 1. HP: 7/7 MP: 4/4
   230 | D:1      | Reached XP level 2. HP: 11/11 MP: 4/6
   873 | D:2      | Found a broken altar of Ashenzari.
  1238 | D:2      | Reached XP level 3. HP: 14/14 MP: 4/7
  1963 | D:3      | Learned a level 2 spell: Passwall
  1967 | D:3      | Learned a level 3 spell: Stone Arrow
  2112 | D:3      | Reached XP level 4. HP: 18/18 MP: 4/8
  2114 | D:3      | Reached skill level 3 in Stealth
  2136 | D:3      | Found a glowing drain.
  2215 | Sewer    | Entered a sewer
  2754 | D:3      | Reached skill level 4 in Stealth
  2764 | D:3      | Reached XP level 5. HP: 21/21 MP: 5/9
  3085 | D:3      | Noticed a sky beast
  3196 | D:3      | Found a faded altar of an unknown god.
  3439 | D:4      | Noticed a steam dragon
  3504 | D:4      | Found a staircase to the Ecumenical Temple.
  3516 | D:3      | Reached skill level 5 in Earth Magic
  3673 | D:3      | Reached skill level 5 in Stealth
  3771 | Temple   | Entered the Ecumenical Temple
  3998 | Temple   | Became a worshipper of Gozag Ym Sagoz the Greedy
  4030 | D:4      | Learned a level 2 spell: Blink
  4061 | D:4      | Noticed an ogre
  4100 | D:4      | Killed from afar by a steam dragon
  4101 | D:4      | Reached XP level 4. HP: -5/18 MP: 8/8
  4248 | D:4      | Killed an ogre
  4249 | D:4      | Reached skill level 1 in Translocations
  4249 | D:4      | Reached XP level 5. HP: 21/21 MP: 6/9
  4306 | D:4      | Killed a steam dragon
  4307 | D:4      | Reached skill level 1 in Conjurations
  4307 | D:4      | Gained mutation: You are covered in thick fur. (AC +2)
                  | [Felid growth]
  4307 | D:4      | Reached XP level 6. HP: 17/24 MP: 4/10
  4406 | D:4      | Found Gistub's Assorted Antiques.
  4420 | D:4      | Bought a scroll labelled DUTOARALUI for 23 gold pieces
  4420 | D:4      | Bought a brass wand for 92 gold pieces
  4457 | D:4      | Reached skill level 6 in Stealth
  4715 | D:5      | Entered Level 5 of the Dungeon
  4727 | D:4      | Reached XP level 7. HP: 19/27 MP: 5/11
  5232 | D:5      | Reached skill level 7 in Stealth
  5342 | D:5      | Noticed Edmund
  5517 | D:5      | Reached skill level 5 in Translocations
  5567 | D:5      | Reached XP level 8. HP: 31/31 MP: 10/12
  5721 | D:5      | Reached skill level 8 in Stealth
  6881 | D:6      | Reached skill level 1 in Fighting
  6881 | D:6      | Reached skill level 9 in Stealth
  7285 | D:6      | Reached XP level 9. HP: 36/36 MP: 9/13
  7600 | D:6      | Noticed Menkaure
  7608 | D:6      | Killed Menkaure
  7799 | D:6      | Noticed Blork the orc
  7805 | D:6      | Killed Blork the orc
  8022 | D:6      | Reached skill level 5 in Conjurations
  8528 | D:7      | Reached skill level 5 in Dodging
  8528 | D:7      | Reached skill level 10 in Stealth
  8959 | D:7      | Noticed Prince Ribbit
  8969 | D:7      | Killed Prince Ribbit
  9032 | D:7      | Noticed Joseph
  9448 | D:7      | Shot with a sling bullet by Joseph
  9449 | D:7      | Reached XP level 8. HP: -10/34 MP: 1/12
  9495 | D:8      | You fall into a shaft and drop 1 floor!
  9499 | D:10     | Entered Level 10 of the Dungeon
  9502 | D:9      | Noticed a +0 falchion
  9503 | D:9      | Noticed a +0 short sword
  9503 | D:9      | Noticed a +0 spear
  9504 | D:9      | Noticed a +0 dagger
  9504 | D:9      | Noticed a +0 falchion
  9504 | D:9      | Noticed a +0 dagger
  9505 | D:9      | Noticed a +0 short sword
  9644 | D:10     | Noticed a boulder beetle
  9677 | D:10     | Slain by a boulder beetle

Illustrated notes

Levels and vault maps discovered:
D:1:      dpeg_arrival_three_same_balls, layout_basic
D:2:      layout_basic, basic_altar, nicolae_concentric_dashed_squares_wild,
          chequers_big_river, st_stairs_5, minmay_crystal_water
D:3:      layout_basic, serial_undead, serial_undead_f, serial_undead_c,
          serial_undead_b, serial_undead_a, chequers_ecumenical_altar_grove,
          portal_sewer_entry_f, lightli_corner_chamber
D:4:      layout_rooms, minmay_temple_entry_offerings, serial_shops,
          nicolae_shop_window_shopping, minmay_surrounded
D:5:      layout_cave_pools, kennysheep_small_spiral, uniq_edmund
D:6:      layout_gridville, uniq_menkaure, uniq_blork_the_orc
D:7:      layout_loops_ring, uniq_prince_ribbit1, uniq_joseph
D:8:      layout_rooms, kennysheep_path_1, uniq_maggie
D:9:      layout_cave_pools, nicolae_uskayaw_en_pointe,
          grunt_lair_entry_orc_guard_hut, david_orc_5, grunt_decor_cap,
          uniq_psyche
D:10:     layout_irregular_city, serial_shops, shop,
          nicolae_trove_entry_isolated, kennysheep_island_fort
Temple:   roderic_octagonal_lattice_temple

Skill      XL: |  1  2  3  4  5  6  7  8  9 |
---------------+----------------------------+-----
Earth Magic    | 3 4 5 6 7 |  7.8
Stealth        | 4 5 6 7 9 10 | 10.3
Translocations | 1 2 3 5 |  5.0
Conjurations   | 1 2 3 4 5 |  5.0
Dodging        | 3 5 |  5.5
Fighting       | 1 3 |  3.3
Unarmed Combat | |  0.1
Spellcasting   | |  2.0
Transmutations | |  1.1

Action                   |  1- 3 |  4- 6 |  7- 9 || total
-------------------------+-------+-------+-------++-------
Melee: Unarmed           |     6 |    20 |    22 ||    48
       Bite              |     1 |     3 |     3 ||     7
       Punch             |       |     1 |       ||     1
 Cast: Sandblast         |    50 |   115 |   144 ||   309
       Stone Arrow       |       |       |    54 ||    54
Evoke: Wand              |       |     1 |       ||     1
  Use: Scroll            |     2 |    11 |     7 ||    20
       Potion            |       |     1 |     2 ||     3
 Stab: Sleeping          |       |       |     4 ||     4
Armor: Skin              |     3 |     8 |    15 ||    26
Dodge: Dodged            |    23 |    88 |   102 ||   213

Table legend: (Time is in decaauts)
 A = Elapsed time spent in this place.
 B = Non-inter-level travel time spent in this place.
 C = Inter-level travel time spent in this place.
 D = Time resting spent in this place.
 E = Time spent auto-exploring this place.
 F = Levels seen in this place.
 G = Mean time per level.
                   A        B        C        D        E       F      G
               +--------+--------+--------+--------+--------+-----+--------+
         Total |   8835 |   8532 |    303 |   2406 |   4166 |  12 |  736.2 |
       Dungeon |   8205 |   7924 |    281 |   2406 |   3693 |  10 |  820.5 |
        Temple |    199 |    178 |     21 |      0 |    159 |   1 |  199.0 |
         Sewer |    431 |    431 |      0 |      0 |    314 |   1 |  431.0 |
               +--------+--------+--------+--------+--------+-----+--------+

Top non-repeatable levels by time:
     D:6: 2026 daAuts
     D:5: 1373 daAuts
     D:3: 1181 daAuts
     D:2: 961 daAuts
     D:4: 955 daAuts
     D:7: 800 daAuts
     D:1: 736 daAuts
   Sewer: 431 daAuts
  Temple: 199 daAuts
    D:10: 141 daAuts
     D:9: 26 daAuts
     D:8: 0 daAuts
